 Dungeon Crawl Stone Soup version 0.31-a0-187-gba352fbbf7 (webtiles) character file.

Game seed: 11048563208726936091

5 qw the Shooter (level 1, -1/12 HPs)
             Began as a Deep Elf Hunter on June 22, 2023.
             Slain by a rat (2 damage)
             ... on level 1 of the Dungeon.
             The game lasted 00:00:02 (54 turns).

qw the Shooter (Deep Elf Hunter)                      Turns: 54, Time: 00:00:02

Health: -1/12      AC:  3    Str:  8    XL:     1   Next: 66%
Magic:  3/3        EV: 12    Int: 13    God:
Gold:   19         SH:  0    Dex: 18    Spells: 0/0 levels left

rFire   . . .        a - +0 shortbow
rCold   . . .        (shield currently unavailable)
rNeg    . . .        c - +0 leather armour
rPois   .            (no helmet)
rElec   .            (no cloak)
rCorr   .            (no gloves)
SInv    .            (no boots)
Will    .....        (no amulet)
Stlth   ++           (no ring)
HPRegen 0.22/turn    (no ring)
MPRegen 0.08/turn

%: no passive effects
@: lethally poisoned (-1 -> -8)
A: no striking features
a: no special abilities


You were on level 1 of the Dungeon.
You visited 1 branch of the dungeon, and saw 1 of its levels.

You collected 19 gold pieces.


   Skills:
 - Level 1.5 Fighting
 + Level 5.7 Ranged Weapons
 - Level 2.4 Dodging
 - Level 1.2 Stealth


You couldn't memorise any spells.
You didn't know any spells.
Your spell library was empty.

Inventory:

Hand Weapons
 a - a +0 shortbow (weapon)
Armour
 c - a +0 leather armour (worn)
Scrolls
 b - a scroll of butterflies
 d - a scroll of amnesia {unknown}

Dungeon Overview and Level Annotations

Branches:
Dungeon (1/15)

Altars:


Message History

The goblin moves out of view.
Enter note: You shoot an arrow.
The arrow hits the hobgoblin.
The hobgoblin is severely wounded.
The hobgoblin barely misses you.
You shoot an arrow.
The arrow hits the hobgoblin but does no damage.
The hobgoblin is severely wounded.
A rat comes into view.
The hobgoblin hits you.
You shoot an arrow. The arrow barely misses the hobgoblin.
The hobgoblin hits you but does no damage.
A ball python comes into view.
The hobgoblin closely misses you.
You shoot an arrow. The ball python hisses angrily.
The arrow hits the hobgoblin!
You kill the hobgoblin!
A bat comes into view.
You shoot an arrow. The arrow closely misses the goblin.
The arrow closely misses the rat.
A rat comes into view.
You shoot an arrow. The arrow hits the goblin.
The goblin is moderately wounded.
The goblin barely misses you.
You shoot an arrow. The arrow closely misses the goblin.
The bat barely misses you. The bat hits you but does no damage.
The goblin hits you with a +0 dagger of venom.
You are lethally poisoned!
A hobgoblin comes into view.
The bat closely misses you.
You shoot an arrow. The arrow hits the goblin.
You kill the goblin!
You feel very sick. The bat hits you but does no damage.
The ball python bites you. The ball python misses you.
You shoot an arrow.
The arrow barely misses the ball python.
You feel sick. The bat closely misses you. The rat bites you.
You die...

#.# ##.## #...# # #...#
.# #...###### ###.###
#####........####.....%.
#........###.......?.##.
.........# #....#S......
#........# #..#.@r$...#
###...........###b.r..#
...#...#.###.# ..#.##
###.#...#.# #.. ....g.
#.#...#.# ### .##.# #
#.....> .# .# .# . .# .


You could see a hobgoblin, a bat, a ball python and 2 rats.

Vanquished Creatures
  A bat (D:1)
  A goblin (D:1)
  A hobgoblin (D:1)
  2 ball pythons (D:1)
5 creatures vanquished.

Notes
Turn   | Place    | Note
-------+----------+-------------------------------------------
     0 | D:1      | qw the Deep Elf Hunter began the quest for the Orb.
     0 | D:1      | Reached XP level 1. HP: 12/12 MP: 3/3
     0 | D:1      | 0 ||| qw: Version: 0.3-a-9-g12657ce
     0 | D:1      | 0 ||| qw: Game counter: 1949
     0 | D:1      | 0 ||| qw: Always use a shield: true
     0 | D:1      | 0 ||| qw: God list: Okawaru
     0 | D:1      | 0 ||| qw: Allow faded altars: false
     0 | D:1      | 0 ||| qw: Do Orc after D:15 true
     0 | D:1      | 0 ||| qw: Do second Lair branch before Depths: true
     0 | D:1      | 0 ||| qw: Lair rune preference: random
     0 | D:1      | 0 ||| qw: Plans: Normal
     0 | D:1      | 0 ||| PLANNING D:1-11
    53 | D:1      | HP: 3/12 [ball python (2)]
    54 | D:1      | HP: 1/12 [poisoned by a goblin]
    54 | D:1      | Slain by a rat

Levels and vault maps discovered:
D:1:      ldierk_walled_garden, layout_loops_cross, serial_bayou_pond_b

Action                     || total
---------------------------++-------
   Fire: Shortbow          ||    12
 Armour: Leather armour    ||     3
  Dodge: Dodged            ||     7

Table legend:
 A = Non-vault XP
 B = Vault XP
 C = Vault XP percentage of total XP
 D = Non-vault monster count
 E = Vault monster count
 F = Vault count percentage of total count
                 A         B        C        D         E       F
            +---------+---------+-------+---------+---------+-------
      Total |       8 |       0 |   0.0 |       5 |       0 |   0.0
            +---------+---------+-------+---------+---------+-------
        D:1 |       8 |       0 |   0.0 |       5 |       0 |   0.0
            +---------+---------+-------+---------+---------+-------
